 Dungeon Crawl Stone Soup version 0.31-a0-222-gefeffbb62a (webtiles) character file.

Game seed: 7928602327613321291

14 7w4c the Firebug (level 2, 0/15 HPs)
             Began as a Deep Elf Fire Elementalist on July 5, 2023.
             Slain by a goblin
             ... wielding a +2 dagger of electrocution
              (2 damage)
             ... on level 1 of the Dungeon.
             The game lasted 00:01:54 (544 turns).

7w4c the Firebug (Deep Elf Fire Elementalist)        Turns: 544, Time: 00:01:54

Health: 0/15       AC:  2    Str:  5    XL:     2   Next: 31%
Magic:  8/8        EV: 12    Int: 19    God:
Gold:   23         SH:  0    Dex: 15    Spells: 6/7 levels left

rFire   . . .        (no weapon)
rCold   . . .        (no shield)
rNeg    . . .        a - +0 robe
rPois   .            (no helmet)
rElec   .            (no cloak)
rCorr   .            (no gloves)
SInv    .            (no boots)
Will    .....        (no amulet)
Stlth   ++           (no ring)
HPRegen 0.22/turn    (no ring)
MPRegen 0.11/turn

%: no passive effects
@: no status effects
A: no striking features
a: no special abilities


You were on level 1 of the Dungeon.
You visited 1 branch of the dungeon, and saw 1 of its levels.

You collected 23 gold pieces.

Inventory:

Armour
 a - a +0 robe (worn)
Scrolls
 c - a scroll of torment {unknown}
 e - 2 scrolls of noise {unknown}
Potions
 b - a potion of magic
 d - a potion of heal wounds {unknown}
 f - a potion of degeneration {unknown}


   Skills:
 + Level 2.6 Dodging
 + Level 2.6 Stealth
 + Level 3.3 Spellcasting
 + Level 1.1 Conjurations
 + Level 3.7 Fire Magic


You had 6 spell levels left.
You knew the following spells:

 Your Spells              Type           Power      Damage    Failure   Level
a - Foxfire               Conj/Fire      48%        2x1d6     5%          1

Your spell library contained the following spells:

 Spells                   Type           Power      Damage    Failure   Level
 Scorch                   Fire           34%        2d6       4%          2
 Inner Flame              Hex/Fire       10%        N/A       21%         3
 Volatile Blastmotes      Fire/Tloc      20%        2d11      21%         3
 Flame Wave               Conj/Fire      12%        2d6       47%         4


Dungeon Overview and Level Annotations

Branches:
Dungeon (1/15)

Altars:

Shops:
D:1 (


Message History

The goblin is moderately wounded.
The foxfire hits the goblin.
You kill the goblin!
You open the door.
There is an open door here.
There is an entrance to Wewoc's Antique Weapon Emporium here.
There is an open door here.
Things that are here:
a +0 club; a goblin corpse
Found a stone staircase leading down.
You now have 23 gold pieces (gained 11).
You open the door.
A goblin comes into view.
It is wielding a +2 dagger of electrocution.
A goblin is nearby!
An endoplasm comes into view.
There is an open door here.
The endoplasm quivers.
The goblin shouts!
The goblin hits you with a +2 dagger of electrocution.
The endoplasm barely misses you.
You closely miss the goblin. The endoplasm barely misses you.
The goblin closely misses you.
You barely miss the goblin. The endoplasm hits you.
The goblin hits you with a +2 dagger of electrocution.
You hit the goblin.
The goblin is moderately wounded.
The endoplasm barely misses you.
The goblin hits you with a +2 dagger of electrocution.
You barely miss the goblin.
The goblin is moderately wounded.
The endoplasm freezes you.
You are frozen.
The goblin hits you with a +2 dagger of electrocution.
* * * LOW HITPOINT WARNING * * *
You miss the goblin.
The goblin is moderately wounded.
The endoplasm hits you.
* * * LOW HITPOINT WARNING * * *
The goblin hits you with a +2 dagger of electrocution.
You die...

.###.#........
..##.########.
#)...#.....#
.....#.....#
.....#.....#
####.#.....#
..##.#.....###+#######..
#..#.#.....#..........#
##.#.#.....'...g@.....#
.....#.....#...J......#
##...#.....#..........#
...#.......#..........#
##.....>...#..........#
##.####.##.#..........#
##.. ..##.#....^.....#
##......##.############
#..###.#


You could see an endoplasm and a goblin.

Vanquished Creatures
  A dart slug (D:1)
  A ball python (D:1)
  A bat (D:1)
  2 endoplasms (D:1)
  A hobgoblin (D:1)
  A kobold (D:1)
  A quokka (D:1)
  2 goblins (D:1)
10 creatures vanquished.

Vanquished Creatures (others)
  24 foxfires (D:1)
24 creatures vanquished.

Grand Total: 34 creatures vanquished

Notes
Turn   | Place    | Note
-------+----------+-------------------------------------------
     0 | D:1      | 7w4c the Deep Elf Fire Elementalist began the quest for the
                  | Orb.
     0 | D:1      | Reached XP level 1. HP: 10/10 MP: 6/6
   250 | D:1      | Reached XP level 2. HP: 3/15 MP: 4/8
   362 | D:1      | Found Wewoc's Antique Weapon Emporium.
   544 | D:1      | Slain by a goblin

Illustrated notes

Levels and vault maps discovered:
D:1:      tarquinn_simple_flora_water_d, layout_basic, serial_shops,
          nicolae_shop_window_shopping

Action                     || total
---------------------------++-------
  Melee: Unarmed           ||     5
   Cast: Foxfire           ||    16
 Armour: Robe              ||     2
  Dodge: Dodged            ||     5

Table legend: (Time is in decaauts)
 A = Elapsed time spent in this place.
 B = Non-inter-level travel time spent in this place.
 C = Inter-level travel time spent in this place.
 D = Time resting spent in this place.
 E = Time spent auto-exploring this place.
 F = Levels seen in this place.
 G = Mean time per level.
                   A        B        C        D        E       F      G
               +--------+--------+--------+--------+--------+-----+--------+
         Total |    544 |    544 |      0 |      0 |    471 |   1 |  544.0 |
       Dungeon |    544 |    544 |      0 |      0 |    471 |   1 |  544.0 |
               +--------+--------+--------+--------+--------+-----+--------+

Top non-repeatable levels by time:
     D:1: 544 daAuts
